[Event "Team 45 45 League T55"]
[Site "Internet Chess Club"]
[Date "2012.12.21"]
[Round "6"]
[White "creditordebit"]
[Black "WillC"]
[Result "1-0"]
[WhiteElo "1847"]
[BlackElo "1700"]
[Opening "Sicilian: Taimanov variation"]
[ECO "B49"]
[Time "18:36:05"]
[TimeControl "2700+45"]

1. e4 e6 2. Nf3 c5 3. d4 cxd4 4. Nxd4 a6 5. Nc3 Nc6 6. Be2 Qc7 7. Be3 Bb4 8. Qd2
Nf6 9. f3 Ne5 10. O-O-O Bxc3 11. Qxc3 Qxc3 12. bxc3 d6 13. Nb3 Ke7 14. g4 Rd8
15. g5 Ne8 16. h4 Bd7 17. f4 Nc6 18. h5 Rdc8 19. Kb2 b5 20. Bg4 a5 21. f5 Ne5
22. Be2 Nc4+ 23. Bxc4 bxc4 24. Nd4 e5 25. Nf3 Bc6 26. Rh4 Rab8+ 27. Kc1 Rb7 28.
Nxe5 Ba4 29. h6 Kf8 30. hxg7+ Kxg7 31. Rdh1 dxe5 32. Rxh7+ Kf8 33. f6 Nxf6 34.
gxf6 Ke8 35. Rd1 {Black resigns} 1-0

[Event "Team 45 45 League T55"]
[Site "Internet Chess Club"]
[Date "2012.12.22"]
[Round "6"]
[White "Packerfan"]
[Black "fishhead"]
[Result "0-1"]
[WhiteElo "1782"]
[BlackElo "1867"]
[Opening "Sicilian: Alapin's variation (2.c3)"]
[ECO "B22"]
[Time "15:01:00"]
[TimeControl "2700+45"]

1. e4 c5 2. c3 Nf6 3. e5 Nd5 4. d4 e6 5. Nf3 d6 6. exd6 Bxd6 7. dxc5 Bxc5 8.
Bb5+ Nd7 9. O-O a6 10. Bc4 N7f6 11. Bg5 Qc7 12. Bb3 b5 13. Nbd2 Bb7 14. a4 O-O
15. axb5 axb5 16. Qc2 Rxa1 17. Rxa1 Qb6 18. Bh4 h6 19. h3 g5 20. Bg3 Nh5 21. Ne4
Nxg3 22. Nxg3 Nf4 23. Ne4 Be7 24. Ne5 Rd8 25. Ng4 f5 26. Nxh6+ Kg7 27. Nxf5+
exf5 28. Ng3 Bc5 29. Nxf5+ Kf6 30. Nh6 Bxf2+ 31. Qxf2 Qxf2+ 32. Kxf2 Rd2+ 33.
Ke1 Rxb2 34. Ng4+ Kf5 35. Ne3+ Ke4 36. Nc4 bxc4 37. Bxc4 Ke3 38. Bf1 Bxg2 39.
Bxg2 Nxg2+ 40. Kf1 Kf3 41. Rc1 Ne3+ 42. Kg1 Nc4 43. Kh1 Rg2 44. Rf1+ Kg3 45. Rf5
Kxh3 46. Rxg5 Rc2 47. Rh5+ Kg4 48. Rh8 Ne5 49. Rg8+ Kf4 50. Rf8+ Kg3 51. Rf1 Nf3
52. Rf2 Rxf2 {White resigns} 0-1

[Event "Team 45 45 League T55"]
[Site "Internet Chess Club"]
[Date "2012.12.22"]
[Round "6"]
[White "jps7"]
[Black "Innes"]
[Result "0-1"]
[WhiteElo "1720"]
[BlackElo "1723"]
[Opening "Queen's pawn game"]
[ECO "D02"]
[Time "13:00:33"]
[TimeControl "2700+45"]

1. d4 d5 2. Nf3 c6 3. e3 Bf5 4. c4 e6 5. Qb3 Qb6 6. c5 Qc7 7. Nc3 Nf6 8. Bd2
Nbd7 9. Nh4 Bg6 10. Nxg6 hxg6 11. h3 b6 12. cxb6 axb6 13. Qc2 c5 14. Nb5 Qc6 15.
a4 Ne4 16. Bd3 Nxd2 17. Kxd2 c4 18. Be2 Bb4+ 19. Kd1 Qxb5 20. axb5 Rxa1+ 21. Qc1
Rxc1+ 22. Kxc1 Ke7 23. Kc2 Ra8 24. Bf3 Ra5 25. e4 Rxb5 26. b3 c3 27. exd5 exd5
28. Re1+ Kd6 29. Be2 Ra5 30. Rd1 Ra2+ 31. Kd3 Nf6 32. f3 Rd2+ 33. Rxd2 cxd2 34.
Ke3 Nh5 35. g4 Nf6 36. Kd3 Nd7 37. Ke3 f5 38. Kf4 fxg4 39. fxg4 Nf6 40. Ke3 Ne4
41. Kd3 g5 42. Kc2 g6 43. Bf3 Nf2 {White resigns} 0-1

[Event "Team 45 45 League T55"]
[Site "Internet Chess Club"]
[Date "2012.12.22"]
[Round "6"]
[White "amicusUK"]
[Black "isolani"]
[Result "1-0"]
[WhiteElo "1638"]
[BlackElo "1493"]
[Opening "Queen's pawn, Mason variation"]
[ECO "D00"]
[Time "10:01:25"]
[TimeControl "2700+45"]

1. d4 d5 2. Bf4 Nf6 3. e3 Nc6 4. c3 Bf5 5. Nf3 e6 6. Bb5 Nd7 7. Bd3 Bxd3 8. Qxd3
Be7 9. Nbd2 Nf6 10. h3 O-O 11. Nh2 Nh5 12. g4 Nxf4 13. exf4 Bd6 14. f5 exf5 15.
O-O-O f4 16. Nhf3 Ne7 17. h4 c5 18. dxc5 Bxc5 19. Nd4 Bxd4 20. Qxd4 Qa5 21. Kb1
Qc7 22. h5 Nc6 23. Qxd5 Rad8 24. Qf3 Rfe8 25. Nb3 b6 26. Rxd8 Nxd8 27. Nd4 Qe5
28. Rd1 Kf8 29. Kc2 h6 30. Rd2 Qe4+ 31. Qxe4 Rxe4 32. f3 Re3 33. Re2 Nc6 34.
Rxe3 Nxd4+ 35. cxd4 fxe3 36. Kd3 Ke7 37. Kxe3 Kd6 38. Ke4 Ke6 39. f4 f6 40. d5+
Kd6 41. Kf5 Kxd5 42. Kg6 Ke4 43. Kxg7 Kxf4 44. Kxh6 Kxg4 45. Kg6 f5 46. h6 f4
47. h7 f3 48. h8=Q f2 49. Qh1 {Black resigns} 1-0

[Event "Team 45 45 League T55"]
[Site "Internet Chess Club"]
[Date "2012.12.23"]
[Round "6"]
[White "DarkFlow"]
[Black "Dracoac"]
[Result "1-0"]
[WhiteElo "1851"]
[BlackElo "1780"]
[Opening "Caro-Kann: two knights, 3...Bg4"]
[ECO "B11"]
[Time "14:21:41"]
[TimeControl "2700+45"]

1. e4 c6 2. Nc3 d5 3. Nf3 Bg4 4. h3 Bxf3 5. Qxf3 e6 6. d4 Bb4 7. e5 Nd7 8. a3
Ba5 9. b4 Bb6 10. Be3 Ne7 11. Bd3 a5 12. O-O O-O 13. Na4 axb4 14. axb4 Ng6 15.
Nc5 Bxc5 16. bxc5 b6 17. cxb6 Nxb6 18. Rfb1 Qc7 19. Qg4 Rfb8 20. Qd1 Na4 21.
Rxb8+ Qxb8 22. Qb1 Qxb1+ 23. Rxb1 c5 24. Bxg6 hxg6 25. dxc5 Rc8 26. Rb5 Nc3 27.
Ra5 Nd1 28. Bd4 Rb8 29. c6 Rc8 30. Rc5 Kf8 31. Kf1 Ke7 32. Ke1 Nxf2 33. Kxf2 f6
34. Kf3 g5 35. c7 f5 36. g3 Kd7 37. Be3 Rxc7 38. Rxc7+ Kxc7 39. Bxg5 Kd7 40. Ke3
g6 41. Kd4 Kc6 42. Be7 Kb5 43. c3 Kc6 44. h4 Kb5 45. Ba3 Ka4 46. Bc1 Kb5 47. Bd2
Kb6 48. Ke3 Kc5 49. Kd3 Kc6 50. Be3 Kd7 51. Bd4 Ke7 52. Ke3 Ke8 53. Kf4 Kf7 54.
Kg5 Kg7 55. Bc5 Kh7 56. Kf6 Kh6 57. Kxe6 g5 58. Kxf5 gxh4 59. gxh4 Kh5 60. Bf2
Kh6 61. Kf6 Kh5 62. e6 d4 63. cxd4 Kh6 64. e7 Kh7 {Black resigns} 1-0

[Event "Team 45 45 League T55"]
[Site "Internet Chess Club"]
[Date "2012.12.21"]
[Round "6"]
[White "SolaFide"]
[Black "ghostfire"]
[Result "1-0"]
[WhiteElo "1857"]
[BlackElo "1717"]
[Opening "Sicilian: Smith-Morra gambit"]
[ECO "B21"]
[Time "08:00:09"]
[TimeControl "2700+45"]

1. e4 c5 2. d4 cxd4 3. c3 dxc3 4. Nxc3 Nc6 5. Nf3 a6 6. Bc4 e6 7. O-O h6 8. Qe2
Nge7 9. Bf4 Ng6 10. Bg3 Be7 11. e5 O-O 12. Rfd1 Qc7 13. Rac1 b5 14. Bb3 Bb7 15.
Ne4 Qb6 16. h4 Rfd8 17. h5 Nf8 18. Nd6 Bxd6 19. Rxd6 Rac8 20. Bf4 Ba8 21. Be3
Qb7 22. Bd2 Ne7 23. Bc2 Rc6 24. Rxc6 Nxc6 25. Be4 Rc8 26. Qd3 Qb8 27. a4 bxa4
28. Qxa6 Bb7 29. Qxa4 Nxe5 30. Rxc8 Nxf3+ 31. Bxf3 Bxc8 32. Bc3 d5 33. Qg4 e5
34. Qg3 Nd7 35. Bxd5 Kf8 36. b4 Qd6 37. Bb3 f6 38. Qg6 Qe7 39. b5 Nc5 40. Bb4
Be6 41. Bxc5 Qxc5 42. Bxe6 Qc1+ 43. Kh2 Qf4+ 44. Kh3 {Black resigns} 1-0

[Event "Team 45 45 League T55"]
[Site "Internet Chess Club"]
[Date "2012.12.22"]
[Round "6"]
[White "Moondog"]
[Black "CzwartyWymiar"]
[Result "0-1"]
[WhiteElo "1677"]
[BlackElo "1839"]
[Opening "KP: Nimzovich defense"]
[ECO "A40"]
[Time "02:00:39"]
[TimeControl "2700+45"]

1. d4 Nc6 2. e4 e5 3. d5 Nce7 4. c4 Ng6 5. Be2 Nf6 6. Nc3 a6 7. Nf3 Bc5 8. O-O
O-O 9. Ne1 d6 10. Nd3 Bd4 11. Be3 Bxe3 12. fxe3 Bd7 13. c5 Qe7 14. cxd6 cxd6 15.
b3 Rac8 16. Rc1 Rfe8 17. Nb2 h6 18. Nc4 b5 19. Nb6 Rc7 20. Nxd7 Qxd7 21. Qd3
Rec8 22. b4 Nxe4 23. Qxe4 Rxc3 24. Rxc3 Rxc3 25. Bh5 Nh8 26. Bg4 Qc7 27. Be2 Ng6
28. Bh5 Rc1 29. Bxg6 Rxf1+ 30. Kxf1 fxg6 31. Qxg6 Qc1+ 32. Kf2 Qd2+ 33. Kf1 Qxe3
34. Qe8+ Kh7 35. Qe6 Qf4+ 36. Ke2 Qc4+ 37. Kf2 Qc7 38. Kf1 Qd8 39. Ke2 Kh8 40.
g3 Kh7 41. Qf5+ Kg8 42. Qe6+ Kf8 43. Qf5+ Kg8 44. Qe6+ Kh8 45. h4 Qc7 46. Qe8+
Kh7 47. h5 Qc4+ 48. Kf2 Qd4+ 49. Ke2 Qe4+ 50. Kf2 Qc2+ 51. Ke3 Qc3+ 52. Kf2 Qd2+
53. Kf1 Qxd5 54. Qg6+ Kh8 55. Qe8+ Qg8 56. Qg6 Qc4+ 57. Kg2 Qxa2+ 58. Kh3 Qd5
59. Qe8+ Qg8 60. Qc6 Qd8 61. Qxa6 Qd7+ 62. g4 d5 {White resigns} 0-1

[Event "Team 45 45 League T55"]
[Site "Internet Chess Club"]
[Date "2012.12.21"]
[Round "6"]
[White "razorbackchess4"]
[Black "Frankly"]
[Result "0-1"]
[WhiteElo "1693"]
[BlackElo "1866"]
[Opening "Mieses opening"]
[ECO "A00"]
[Time "15:29:59"]
[TimeControl "2700+45"]

1. d3 e5 2. Nf3 Nc6 3. e4 Nf6 4. g3 Be7 5. Bg2 O-O 6. O-O d5 7. Nbd2 d4 8. Ne1
Bg4 9. f3 Be6 10. f4 exf4 11. gxf4 Bg4 12. Bf3 Qd7 13. a3 b5 14. f5 Bh3 15. Bg2
Bxg2 16. Nxg2 Ne5 17. Nf3 Nfg4 18. h3 Nxf3+ 19. Qxf3 Ne5 20. Qf2 c5 21. Bf4 f6
22. Ne1 Rac8 23. Nf3 Nxf3+ 24. Qxf3 c4 25. Rfc1 Rc6 26. a4 b4 27. dxc4 Rxc4 28.
Qd3 Rfc8 29. Bd2 Qc7 30. c3 bxc3 31. bxc3 dxc3 32. Be1 {White resigns} 0-1

[Event "Team 45 45 League T55"]
[Site "Internet Chess Club"]
[Date "2012.12.21"]
[Round "6"]
[White "minke"]
[Black "HomerSimpson"]
[Result "0-1"]
[WhiteElo "1897"]
[BlackElo "2065"]
[Opening "Benko's opening"]
[ECO "A00"]
[Time "22:01:51"]
[TimeControl "2700+45"]

1. g3 c5 2. Bg2 Nc6 3. d3 d5 4. Nd2 Nf6 5. Ngf3 e5 6. e4 dxe4 7. dxe4 b6 8. O-O
Ba6 9. Re1 Be7 10. c3 O-O 11. Qa4 Qc8 12. Nf1 Bd3 13. Bg5 Rd8 14. Bxf6 Bxf6 15.
Ne3 b5 16. Qb3 Rb8 17. Nd5 c4 18. Qd1 Ne7 19. Nxe5 Nxd5 20. Nxd3 Nxc3 21. Qc1
cxd3 22. e5 Ne2+ 23. Rxe2 dxe2 24. Qxc8 Rbxc8 25. exf6 Rd1+ {White resigns} 0-1

[Event "Team 45 45 League T55"]
[Site "Internet Chess Club"]
[Date "2012.12.20"]
[Round "6"]
[White "UsuallySleepy"]
[Black "JustinL"]
[Result "1-0"]
[WhiteElo "1947"]
[BlackElo "1776"]
[Opening "French: Tarrasch, closed variation"]
[ECO "C05"]
[Time "10:15:48"]
[TimeControl "2700+45"]

1. e4 e6 2. d4 d5 3. Nd2 Nf6 4. e5 Nfd7 5. Bd3 c5 6. c3 Nc6 7. Ngf3 f6 8. exf6
Nxf6 9. O-O cxd4 10. cxd4 Bd6 11. Re1 O-O 12. Nf1 Qb6 13. a3 Kh8 14. Bc2 Qc7 15.
Bg5 Bd7 16. Ng3 Rac8 17. Rc1 Qb6 18. Qd3 g6 19. Bh6 Rfe8 20. b4 Bf8 21. Bxf8
Rxf8 22. b5 Na5 23. a4 Nc4 24. Bb3 Na5 25. Bc2 Qd6 26. Qd2 Nc4 27. Qh6 Ng8 28.
Qh4 Rf4 29. Qg5 Rff8 30. h4 Qf4 31. Qxf4 Rxf4 32. Bd3 Nd6 33. Rxc8 Bxc8 34. Rc1
Rf8 35. h5 Ne7 36. Ne5 gxh5 37. Nxh5 Nf7 38. Rc7 Nxe5 39. dxe5 Nf5 40. Bxf5 exf5
41. Nf6 Rxf6 42. Rxc8+ {Black resigns} 1-0

[Event "Team 45 45 League T55"]
[Site "Internet Chess Club"]
[Date "2012.12.22"]
[Round "6"]
[White "badmove"]
[Black "ElMarginal"]
[Result "0-1"]
[WhiteElo "1673"]
[BlackElo "1469"]
[Opening "Nimzo-Indian: Kmoch variation"]
[ECO "E20"]
[Time "17:13:41"]
[TimeControl "2700+45"]

1. d4 Nf6 2. c4 e6 3. Nc3 Bb4 4. f3 d5 5. a3 Bxc3+ 6. bxc3 O-O 7. cxd5 exd5 8.
e3 b6 9. Bd3 Ba6 10. Ne2 Bxd3 11. Qxd3 Nc6 12. O-O Qd7 13. Ng3 Ne7 14. e4 dxe4
15. fxe4 Qg4 16. Rf4 Qg6 17. Qe2 c6 18. Bd2 Rae8 19. e5 Nfd5 20. Rg4 Qe6 21. c4
Nc7 22. Rf1 Ng6 23. Nf5 f6 24. Nh4 fxe5 25. Rxf8+ Nxf8 26. Re4 Qf6 27. dxe5 Qe6
28. Qh5 Qf7 29. Qg4 Nce6 30. Nf5 Qg6 31. Qf3 Ng5 32. Bxg5 Qxg5 33. Rg4 Qc1+ 34.
Kf2 Qd2+ 35. Kg3 Qe1+ 36. Kh3 Ng6 37. Re4 Qd2 38. e6 Qg5 39. Rg4 Qf6 40. Nh6+
Kf8 41. Qxc6 Qxe6 42. Qf3+ Qf6 43. Nf5 Ne5 44. Qe4 Nxg4 45. Qxg4 Re5 46. Nh4
Re3+ 47. Nf3 Rxa3 48. Qc8+ Kf7 49. Qc7+ Kg6 50. Qg3+ Kf7 51. Qc7+ Kg8 52. Qc8+
Qf8 53. Qe6+ Kh8 54. Kg4 h6 55. Ne5 Qf6 56. Nf7+ Kh7 57. Qe8 Qd4+ 58. Kf5 Ra5+
59. Ne5 Rxe5+ 60. Qxe5 Qxe5+ 61. Kxe5 a5 62. Kd4 Kg6 63. Kc3 Kf5 64. Kb3 Ke4 65.
Ka4 Kd4 66. Kb5 a4 67. Kxa4 Kxc4 68. Ka3 b5 69. h4 h5 70. Kb2 b4 {White resigns}
0-1

[Event "Team 45 45 League T55"]
[Site "Internet Chess Club"]
[Date "2012.12.22"]
[Round "6"]
[White "laotse"]
[Black "drsigmund1"]
[Result "0-1"]
[WhiteElo "1414"]
[BlackElo "1631"]
[Opening "French: advance variation"]
[ECO "C02"]
[Time "13:00:39"]
[TimeControl "2700+45"]

1. e4 e6 2. d4 d5 3. e5 c5 4. c3 Nc6 5. a3 a5 6. Nf3 Qb6 7. Qa4 Bd7 8. Bb5 cxd4
9. cxd4 Nge7 10. O-O Nf5 11. Rd1 Be7 12. Nc3 O-O 13. g4 Nh4 14. Nxh4 Bxh4 15.
Be3 f6 16. Qb3 fxe5 17. Nxd5 Qd8 18. dxe5 exd5 19. Qxd5+ Rf7 20. e6 Bxe6 21.
Qxe6 Qf8 22. Rd7 Re8 23. Qa2 Re7 24. Rxe7 Qxe7 25. Bc4 Ne5 26. Bxf7+ Nxf7 27.
Qd5 Kh8 28. Qxa5 Ne5 29. Qa8+ Qd8 30. Qxd8+ Bxd8 31. Rd1 Nc6 32. Rd7 h6 33. Rxb7
Ne5 34. Bd4 Nf3+ 35. Kg2 Nxd4 36. Rd7 Bf6 37. b4 Nc2 38. Rd3 Ne1+ 39. Kf1 Nxd3
40. Ke2 Nb2 41. Kd2 Nc4+ 42. Kd3 Nxa3 43. Ke4 Be7 44. Kf5 Bxb4 45. f4 Kh7 46. h4
g6+ 47. Ke6 Bd2 48. f5 gxf5 49. gxf5 h5 50. f6 Bb4 51. Kf5 Kh6 52. f7 Nc4 53.
Kf6 Ne3 {White resigns} 0-1

[Event "Team 45 45 League T55"]
[Site "Internet Chess Club"]
[Date "2012.12.30"]
[Round "6"]
[White "room-matt"]
[Black "cesaralexander"]
[Result "1-0"]
[WhiteElo "1818"]
[BlackElo "1930"]
[Opening "French: Winawer, advance, Bogolyubov variation"]
[ECO "C17"]
[Time "05:20:57"]
[TimeControl "2700+45"]

1. e4 e6 2. d4 d5 3. Nc3 Bb4 4. e5 c5 5. Bd2 Nc6 6. Nb5 Bxd2+ 7. Qxd2 Nxd4 8.
Nxd4 cxd4 9. Qxd4 Ne7 10. Nf3 Nc6 11. Qc5 Qc7 12. Bb5 Bd7 13. O-O b6 14. Qd6
Qxd6 15. exd6 Rc8 16. c3 f6 17. Rfe1 Na5 18. Rxe6+ Kd8 19. Nd4 Bxb5 20. Nxb5 a6
21. Na7 Rc4 22. Rae1 Kd7 23. Re7+ Kxd6 24. R1e6+ Kc5 25. Rc7+ Nc6 26. Rexc6#
{Black checkmated} 1-0

[Event "Team 45 45 League T55"]
[Site "Internet Chess Club"]
[Date "2012.12.20"]
[Round "6"]
[White "musk6868"]
[Black "Goli"]
[Result "0-1"]
[WhiteElo "1935"]
[BlackElo "1876"]
[Opening "Pirc: classical system, 5.Be2"]
[ECO "B06"]
[Time "18:13:39"]
[TimeControl "2700+45"]

1. e4 g6 2. d4 Bg7 3. Nf3 d6 4. Nc3 Nf6 5. Be2 O-O 6. O-O Bg4 7. Be3 Nc6 8. Qd2
a6 9. d5 Bxf3 10. dxc6 Bxe2 11. cxb7 Bxf1 12. bxa8=Q Qxa8 13. Rxf1 Nxe4 14. Nxe4
Qxe4 15. Re1 Qa4 16. a3 Bxb2 17. Bh6 Re8 18. c3 Qxa3 19. g3 Qxc3 20. Qxc3 Bxc3
21. Rc1 Bb4 22. Rxc7 a5 23. Rb7 Ra8 24. Rxe7 a4 25. Re2 a3 26. Ra2 Rc8 27. Kg2
f6 28. Be3 Kf7 29. Kf3 Ke6 30. h4 Kd5 31. Ke2 Ra8 32. Kd3 Bc5 33. Bc1 Bxf2 34.
Rxf2 a2 35. Bb2 a1=Q 36. Bxa1 Rxa1 37. Rxf6 Ra3+ 38. Ke2 Rxg3 39. Rf7 h5 40. Kf2
Rg4 41. Rf6 Ke5 42. Rf8 Rxh4 43. Kg3 Rg4+ 44. Kf3 d5 45. Re8+ Kd4 46. Re6 Kc5
47. Rf6 d4 48. Rf8 Kc4 {White resigns} 0-1

[Event "Team 45 45 League T55"]
[Site "Internet Chess Club"]
[Date "2012.12.26"]
[Round "6"]
[White "CKNIGHT3"]
[Black "Ayensa80"]
[Result "0-1"]
[WhiteElo "1626"]
[BlackElo "1729"]
[Opening "Grünfeld: exchange variation"]
[ECO "D85"]
[Time "12:30:18"]
[TimeControl "2700+45"]

1. d4 Nf6 2. c4 g6 3. Nc3 d5 4. cxd5 Nxd5 5. e4 Nxc3 6. bxc3 Bg7 7. Bd3 O-O 8.
Be3 c5 9. Ne2 cxd4 10. cxd4 Nc6 11. Bc2 Qa5+ 12. Bd2 Qc7 13. Bc3 Nxd4 14. Bxd4
Rd8 15. O-O e5 16. Rc1 exd4 17. Bd3 Qa5 18. Bc4 Be6 19. Bxe6 fxe6 20. Qb3 Qb6
21. Qxb6 axb6 22. Nf4 e5 23. Nd5 Rxa2 24. Nxb6 Rb2 25. Nd5 Bf8 26. Rb1 Rxb1 27.
Rxb1 Rb8 28. Nf6+ Kf7 29. Nd7 Rc8 30. Nxe5+ Ke6 31. Nf3 d3 32. Kf1 Bb4 33. g3
Ba5 34. Rd1 Rd8 35. Ne1 Bxe1 36. Kxe1 Ke5 37. f3 Kd4 38. e5 Kxe5 39. Kd2 Kd4 40.
Rb1 Rd7 41. Rb4+ Kc5 42. Rb3 Kc4 43. Rc3+ Kb4 44. f4 b5 45. Rxd3 Rxd3+ 46. Kxd3
Ka3 47. Kc2 b4 48. Kb1 Kb3 49. h3 Kc3 50. Kc1 Kd3 51. g4 Ke4 52. f5 gxf5 53.
gxf5 Kxf5 54. Kb2 Kg5 55. Kb3 Kh4 56. Kxb4 Kxh3 57. Kc3 h5 58. Kd2 Kg2 59. Ke3
h4 60. Ke4 h3 61. Kd4 h2 62. Ke4 h1=Q 63. Kd4 Qd1+ 64. Ke5 Qd3 65. Ke6 Qb5 66.
Kd6 Kf3 67. Ke6 Ke4 68. Kd6 Qd5+ 69. Ke7 Kf5 70. Ke8 Qb7 71. Kd8 Ke6 72. Ke8
Qc8# {White checkmated} 0-1

[Event "Team 45 45 League T55"]
[Site "Internet Chess Club"]
[Date "2012.12.22"]
[Round "6"]
[White "rook9999"]
[Black "blackcatdillac"]
[Result "1/2-1/2"]
[WhiteElo "1858"]
[BlackElo "1868"]
[Opening "French: exchange variation"]
[ECO "C01"]
[Time "09:22:17"]
[TimeControl "2700+45"]

1. e4 e6 2. d4 d5 3. exd5 exd5 4. Bd3 Bd6 5. Nc3 c6 6. Nge2 Ne7 7. Bf4 Bf5 8.
O-O O-O 9. Re1 Qc7 10. Bxd6 Qxd6 11. Ng3 Bxd3 12. Qxd3 Nd7 13. a3 Rae8 14. Re3
Nb6 15. b3 Ng6 16. a4 Qd8 17. Rae1 Nc8 18. Qd2 Nd6 19. Kf1 f5 20. Rxe8 Rxe8 21.
Rxe8+ Qxe8 22. Qe2 Qxe2+ 23. Ncxe2 Nf8 24. f3 Ne6 25. Ke1 g6 26. Kd2 {Game drawn
by mutual agreement} 1/2-1/2

[Event "Team 45 45 League T55"]
[Site "Internet Chess Club"]
[Date "2012.12.21"]
[Round "6"]
[White "LazyPeon"]
[Black "juniorVishy"]
[Result "1/2-1/2"]
[WhiteElo "1813"]
[BlackElo "1780"]
[Opening "QGD semi-Slav: Bogolyubov variation"]
[ECO "D46"]
[Time "16:04:03"]
[TimeControl "2700+45"]

1. d4 d5 2. c4 c6 3. Nf3 Nf6 4. Nc3 e6 5. e3 Nbd7 6. Bd3 Be7 7. O-O O-O 8. Re1
Bd6 9. e4 dxe4 10. Nxe4 Nxe4 11. Bxe4 Nf6 12. Bc2 b6 13. Qd3 c5 14. Bg5 g6 15.
dxc5 Be7 16. Qxd8 Bxd8 17. cxb6 axb6 18. a3 Kg7 19. Rad1 Bb7 20. Ne5 Rc8 21.
Bxf6+ Bxf6 22. Nd7 Rfd8 23. Nxb6 Rxd1 24. Rxd1 Rc6 25. Na4 Rxc4 26. Bb3 Rg4 27.
g3 Bc6 28. Nc3 Bxc3 29. bxc3 Ba4 30. Rb1 Kf6 31. f4 Bxb3 32. Rxb3 g5 33. fxg5+
Rxg5 34. a4 Ra5 35. Rb4 Rc5 36. c4 Ke5 37. Rb5 Kd4 38. Rb7 Rxc4 39. Rxf7 e5 40.
a5 Ra4 41. Rxh7 Rxa5 42. h4 Ke3 43. h5 Kf3 44. Rg7 e4 45. h6 Rh5 46. h7 e3 47.
g4 Rh3 48. Re7 Kxg4 49. Rxe3 Rxh7 {Game drawn by mutual agreement} 1/2-1/2

[Event "Team 45 45 League T55"]
[Site "Internet Chess Club"]
[Date "2012.12.23"]
[Round "6"]
[White "ausya"]
[Black "nanning"]
[Result "1-0"]
[WhiteElo "1562"]
[BlackElo "1629"]
[Opening "Sicilian: Alapin's variation (2.c3)"]
[ECO "B22"]
[Time "10:01:26"]
[TimeControl "2700+45"]

1. e4 c5 2. c3 Nf6 3. e5 Nd5 4. d4 e6 5. Nf3 cxd4 6. cxd4 d6 7. exd6 Bxd6 8. Nc3
Nxc3 9. bxc3 Bd7 10. Be3 Bc6 11. g3 Nd7 12. Bg2 Rc8 13. c4 Bb4+ 14. Bd2 Bxd2+
15. Qxd2 O-O 16. O-O Qf6 17. d5 exd5 18. cxd5 Bb5 19. Rfc1 Rfd8 20. Qg5 Ba6 21.
Qxf6 Nxf6 22. d6 Rxc1+ 23. Rxc1 h6 24. Rd1 Ne4 25. d7 Nc3 26. Rd2 f6 27. Bh3 Kf7
28. Nd4 Ne4 29. Ne6 Nxd2 30. Nxd8+ Ke7 31. Nf7 {Black resigns} 1-0

[Event "Team 45 45 League T55"]
[Site "Internet Chess Club"]
[Date "2012.12.27"]
[Round "6"]
[White "fledermaus"]
[Black "lacibacsi"]
[Result "1/2-1/2"]
[WhiteElo "2042"]
[BlackElo "2033"]
[Opening "King's Indian: orthodox, Aronin-Taimanov, bayonet attack"]
[ECO "E97"]
[Time "16:34:15"]
[TimeControl "2700+45"]

1. d4 Nf6 2. c4 g6 3. Nc3 Bg7 4. e4 d6 5. Nf3 O-O 6. Be2 e5 7. O-O Nc6 8. d5 Ne7
9. b4 Nh5 10. Re1 f5 11. Ng5 Nf6 12. Bf3 c6 13. b5 cxd5 14. cxd5 h6 15. Ne6 Bxe6
16. dxe6 fxe4 17. Nxe4 Nxe4 18. Bxe4 d5 19. Ba3 dxe4 20. Qxd8 Rfxd8 21. Bxe7 Re8
{Game drawn by mutual agreement} 1/2-1/2

[Event "Team 45 45 League T55"]
[Site "Internet Chess Club"]
[Date "2012.12.23"]
[Round "6"]
[White "mitus"]
[Black "jonesey"]
[Result "1/2-1/2"]
[WhiteElo "1765"]
[BlackElo "1833"]
[Opening "Alekhine's defense"]
[ECO "B02"]
[Time "04:06:04"]
[TimeControl "2700+45"]

1. e4 Nf6 2. e5 Nd5 3. Bc4 Nb6 4. Bb3 c5 5. c3 c4 6. Bc2 Nc6 7. Nf3 g6 8. d3
cxd3 9. Bxd3 Bg7 10. Bf4 Nd5 11. Bg3 Nc7 12. Na3 O-O 13. Qd2 Ne6 14. O-O Qc7 15.
Rfe1 a6 16. Nc2 b5 17. Ncd4 Bb7 18. Nxc6 dxc6 19. Qe3 c5 20. Be4 Bxe4 21. Qxe4
Rad8 22. Rad1 Rd7 23. Qc2 Rfd8 24. Rxd7 Qxd7 25. Kf1 Bh6 26. Ke2 Nf4+ {Game
drawn by mutual agreement} 1/2-1/2

[Event "Team 45 45 League T55"]
[Site "Internet Chess Club"]
[Date "2012.12.23"]
[Round "6"]
[White "calily"]
[Black "hondocando"]
[Result "1-0"]
[WhiteElo "1699"]
[BlackElo "1627"]
[Opening "Queen's pawn game, Darooha variation "]
[ECO "D02"]
[Time "00:25:43"]
[TimeControl "2700+45"]

1. Nf3 d5 2. d4 Nf6 3. g3 c6 4. Bg2 Bg4 5. O-O e6 6. Nbd2 Nbd7 7. c4 Bd6 8. b3
O-O 9. Bb2 Qe7 10. Re1 Rfe8 11. Ne5 Bf5 12. f3 Rac8 13. e4 dxe4 14. fxe4 Nxe5
15. dxe5 Bc5+ 16. Kh1 Bg4 17. exf6 Bxd1 18. fxe7 Bh5 19. Bf3 Bg6 20. Rad1 Rxe7
21. Nb1 Kf8 22. Nc3 a6 23. Na4 Ba7 24. Bd4 c5 25. Be5 Ke8 26. Bxg7 b5 27. cxb5
axb5 28. Nc3 Rb8 29. Bf6 Rd7 30. Rxd7 Kxd7 31. Rd1+ Ke8 32. Nxb5 Bb6 33. e5 Ba5
34. Nd6+ Kf8 35. Nc4 Bc3 36. Nb6 Kg8 37. Nd7 Rc8 38. Nxc5 h5 39. Ne4 Bb4 40.
Rd8+ Rxd8 41. Bxd8 Kh7 42. Bf6 Kg8 43. Nd6 Kf8 44. a4 Bc2 45. Bxh5 Bxb3 46. Nxf7
Bc5 47. Ng5 Kg8 48. Bf7+ Kf8 49. Bxe6 Bxa4 50. Bd5 Ke8 51. h4 Bf2 52. Kg2 Be1
53. h5 {Black resigns} 1-0

[Event "Team 45 45 League T55"]
[Site "Internet Chess Club"]
[Date "2012.12.22"]
[Round "6"]
[White "fireball"]
[Black "parrot9"]
[Result "1/2-1/2"]
[WhiteElo "1777"]
[BlackElo "1710"]
[Opening "Sicilian: Smith-Morra gambit"]
[ECO "B21"]
[Time "09:22:50"]
[TimeControl "2700+45"]

1. e4 c5 2. d4 cxd4 3. c3 Nf6 4. e5 Nd5 5. Nf3 e6 6. Qxd4 Nc6 7. Qg4 Qc7 8. Na3
Nxe5 9. Nxe5 Qxe5+ 10. Be2 Nf6 11. Qa4 a6 12. Bf4 Qe4 13. Qxe4 Nxe4 14. Nc4 Bc5
15. f3 d5 16. fxe4 dxc4 17. Bxc4 b5 18. Bd3 Bb7 19. O-O-O O-O {Game drawn by
mutual agreement} 1/2-1/2

[Event "Team 45 45 League T55"]
[Site "Internet Chess Club"]
[Date "2012.12.23"]
[Round "6"]
[White "alexping"]
[Black "seikster"]
[Result "1-0"]
[WhiteElo "1976"]
[BlackElo "1853"]
[Opening "Benkö gambit half accepted"]
[ECO "A57"]
[Time "10:05:04"]
[TimeControl "2700+45"]

1. d4 Nf6 2. c4 c5 3. d5 b5 4. cxb5 a6 5. b6 d6 6. Nc3 g6 7. e4 Bg7 8. a4 Qxb6
9. a5 Qb4 10. Ra4 Qb7 11. h3 O-O 12. f4 Bd7 13. Ra3 Qb4 14. Bd3 Nh5 15. Ne2 c4
16. Bc2 Qc5 17. Rf1 Bc8 18. Rf3 Nd7 19. g4 Nhf6 20. Bd2 Rb8 21. Na4 Qc7 22. Bc3
Bb7 23. Bd4 Qxa5+ 24. Rfc3 Qb4 25. Qc1 e6 26. g5 Nh5 27. Bxg7 Nxg7 28. Qd2 exd5
29. exd5 Rfe8 30. Qd4 Nh5 31. Kf2 Bxd5 32. Ng3 Nxg3 33. Kxg3 Be6 34. h4 d5 35.
h5 Qf8 36. f5 Qd6+ 37. Kg2 gxf5 38. Re3 f4 39. h6 f6 40. gxf6 fxe3 41. f7+ Kf8
42. Qg7+ Ke7 43. f8=Q+ Kd8 44. Qxd6 {Black resigns} 1-0

[Event "Team 45 45 League T55"]
[Site "Internet Chess Club"]
[Date "2012.12.25"]
[Round "6"]
[White "LittleButton"]
[Black "bshribharath"]
[Result "0-1"]
[WhiteElo "1719"]
[BlackElo "1776"]
[Opening "Sicilian: closed"]
[ECO "B23"]
[Time "07:10:49"]
[TimeControl "2700+45"]

1. e4 c5 2. Nc3 d6 3. f4 Nc6 4. Nf3 g6 5. Bc4 Bg7 6. O-O Nf6 7. d3 O-O 8. Qe1
Na5 9. Bd5 e6 10. Bb3 Nxb3 11. axb3 Bd7 12. Qh4 Bc6 13. f5 exf5 14. Bh6 Nh5 15.
Bg5 f6 16. Bd2 fxe4 17. Nxe4 Bxe4 18. Qxe4 f5 19. Qxb7 Bxb2 20. Rxa7 Rxa7 21.
Qxa7 Qa8 22. Qd7 Qd5 23. Ng5 Nf6 24. Qa4 Bd4+ 25. Kh1 Ra8 26. Qb5 Ng4 27. Qd7
Nf2+ 28. Rxf2 Ra1+ {White resigns} 0-1